 Dungeon Crawl Stone Soup version 0.13.0-7-g3df9ff1 (webtiles) character file.

525 Lilouch the Cudgeler (level 6, -1/48 HPs)
             Began as a Demonspawn Fighter on Oct 16, 2013.
             Slain by an orc priest
             ... wielding a +0,+0 orcish falchion
              (2 damage)
             ... on Level 4 of the Dungeon.
             The game lasted 00:13:27 (3483 turns).

Lilouch the Cudgeler (Demonspawn Fighter)           Turns: 3483, Time: 00:13:27

HP  -1/48        AC  9     Str 18      XL: 6   Next: 49%
MP   5/5         EV  6     Int  9      God:
Gold 136         SH 19     Dex 13      Spells:  0 memorised,  5 levels left

Res.Fire  : . . .   See Invis. : .   q - +0 flail
Res.Cold  : . . .   Warding    : .   b - +0 scale mail
Life Prot.: . . .   Conserve   : .   c - +0 shield
Res.Poison: .       Res.Corr.  : .   (no helmet)
Res.Elec. : .       Clarity    : .   (no cloak)
Sust.Abil.: . .     Spirit.Shd : .   (no gloves)
Res.Mut.  : .       Stasis     : .   (no boots)
Res.Rott. : .       Flight     : .   (no amulet)
Saprovore : . . .                    (no ring)
                                     (no ring)

@: slightly resistant to hostile enchantments, extremely unstealthy
A: hooves 2, AC +2
a: no special abilities


You were on level 4 of the Dungeon.
You were hungry.

You visited 1 branch of the dungeon, and saw 4 of its levels.

You collected 116 gold pieces.

Inventory:

Hand weapons
 a - a +0,+0 mace
 j - a +2,+1 orcish flail
 q - a +0,+0 flail (weapon)
Missiles
 e - 55 stones (quivered)
 g - 5 poisoned darts
Armour
 b - a +0 scale mail (worn)
 c - a +0 shield (worn)
Comestibles
 d - 3 bread rations
 s - a rotting chunk of gnoll flesh
 t - 2 chunks of orc flesh
Scrolls
 f - a scroll of teleportation {unknown}
 i - 3 scrolls of identify {unknown}
 k - a scroll of enchant armour {unknown}
 o - a scroll of noise {unknown}
Jewellery
 n - an uncursed ring of ice {unknown}
 p - an uncursed ring of see invisible {unknown}
Potions
 h - 2 potions of curing {unknown}
 l - a potion of restore abilities {unknown}
 m - a potion of degeneration {unknown}
 r - a potion of slowing {unknown}


   Skills:
 - Level 3.0 Fighting
 * Level 4.8 Maces & Flails
 + Level 4.0 Armour
 + Level 3.9 Shields


You had 5 spell levels left.
You didn't know any spells.

Dungeon Overview and Level Annotations

Branches:
Dungeon (4/27)
 Temple: D:4-7

Altars:


Innate Abilities, Weirdness & Mutations

You have hoof-like feet.
You are partially covered in slimy green scales (AC +2).


Message History

The orc priest invokes the aid of Beogh against you.
You resist.
You hit the orc priest but do no damage.
The orc priest is moderately wounded.
The orc priest mumbles some strange prayers to Beogh against you.
Something smites you!
* * * LOW HITPOINT WARNING * * *
You barely miss the orc priest.
The orc priest is moderately wounded.
The orc priest invokes the aid of Beogh against you.
Something smites you!
* * * LOW HITPOINT WARNING * * *
You block the orc priest's attack.
You hit the orc priest.
The orc priest is heavily wounded.
You block the orc priest's attack.
You hit the orc priest.
The orc priest is severely wounded.
The orc priest hits you with an orcish falchion.
You die...

######.####.##.#
...............#
###.....##.#..###
##...###......#
##o## ######.# #%#
#[# #.# #####.#####
##o## #.o.......#
##...##
#@###.......#
##.....###.#
#.###.#.#
##.......##)# #... #
#.........#.##...#.
+.........'......o..
#.........#.##.....
##.......##........
##.....#######.#..
##...##


You could see an orc priest.

Vanquished Creatures
  An ice beast (D:4)
  An orc priest (D:3)
  2 worker ants (D:4)
  Ijyb (D:2)
  Jessica (D:2)
  An ogre skeleton (D:4)
  3 gnolls (D:4)
  5 adders
  A worm (D:2)
  2 giant geckos (D:1)
  An ooze (D:3)
  9 orcs
  3 ball pythons
  7 bats
  7 goblins
  11 hobgoblins
  4 jackals (D:2)
  10 kobolds
  2 quokkas (D:2)
  A giant cockroach (D:1)
  10 giant newts
  3 rats
86 creatures vanquished.

Notes
Turn   | Place    | Note
--------------------------------------------------------------
     0 | D:1      | Lilouch, the Demonspawn Fighter, began the quest for the Orb.
     0 | D:1      | Reached XP level 1. HP: 18/18 MP: 0/0
   227 | D:1      | Gained mutation: You are partially covered in slimy green scales (AC +2). [demonic ancestry]
   227 | D:1      | Reached XP level 2. HP: 24/24 MP: 1/1
  1014 | D:1      | Gained mutation: You have large cloven feet. [demonic ancestry]
  1014 | D:1      | Reached XP level 3. HP: 27/30 MP: 2/2
  1325 | D:2      | Noticed Ijyb
  1336 | D:2      | Killed Ijyb
  1336 | D:2      | Gained mutation: You have hoof-like feet. [demonic ancestry]
  1336 | D:2      | Reached XP level 4. HP: 32/36 MP: 3/3
  1603 | D:2      | Noticed Jessica
  1611 | D:2      | Killed Jessica
  2066 | D:3      | Reached XP level 5. HP: 29/41 MP: 4/4
  2465 | D:3      | Reached skill level 4 in Maces & Flails
  3238 | D:4      | Reached XP level 6. HP: 37/48 MP: 5/5
  3280 | D:4      | Noticed an ice beast
  3300 | D:4      | Killed an ice beast
  3481 | D:4      | HP: 1/48 [orc priest/divine providence (14)]
  3483 | D:4      | Slain by an orc priest

Action                   |  1- 3 |  4- 6 || total
-------------------------+-------+-------++-------
Melee: Mace              |   135 |   170 ||   305
       Flail             |       |    15 ||    15
